[Event "Charlotte Spring GM-A 2024"]
[Site "Charlotte"]
[Date "2024.03.29"]
[Round "3.5"]
[White "Ali Marandi, Cemil Can"]
[Black "Levine, Joseph"]
[Result "1/2-1/2"]
[ECO "C14"]
[WhiteElo "2516"]
[BlackElo "2372"]
[Annotator "TA"]
[PlyCount "130"]
[EventDate "2024.03.27"]
[EventType "tourn"]
[EventCountry "USA"]
[SourceTitle "playchess.com"]
[Source "ChessBase"]
[SourceQuality "1"]
[TimeControl "5400+30"]

1. e4 e6 2. d4 d5 3. Nc3 Nf6 4. Bg5 Be7 5. e5 Nfd7 6. h4 Bxg5 7. hxg5 Qxg5 8. Nh3 Qh4 9. Nb5 Kd8 10. Qd2 a6 11. Nc3 c5 12. dxc5 Nc6 13. O-O-O h6 (13... Kc7 {ist vielschichtiger.} 14. g3 Qe7 15. Qf4 Kb8) 14. f4 Qe7 $1 15. Qf2 (15. a3 $5) 15... Qxc5 16. Qg3 g6 17. Ng5 Qf8 18. Nf3 Kc7 19. Ne2 Nc5 20. Ned4 Bd7 21. Nxc6 bxc6 22. Qe1 a5 23. Nd4 Na4 $1 24. Nb3 Qb4 25. c3 {Wehrt c5 ab} Qxf4+ 26. Rd2 {[%emt 0:00:00] Schwarz muss nun Rh4 beachten.} Qg5 27. Rh4 c5 28. Qf2 Qe7 ({Günstiger ist} 28... Qxe5 $17 {...Qd6 ist eine echte Drohung.} 29. Nxc5 Nxc5 30. Qxc5+ Kb7) 29. Rf4 (29. c4 $1 $15 d4 30. Nxd4 cxd4 31. Rhxd4) 29... Rhf8 $17 30. c4 d4 31. Nxd4 $2 (31. Kb1 {war angesagt.}) 31... cxd4 $19 32. Rfxd4 Bc6 33. Rd6 Rfb8 (33... f6 $1 $19 {[%cal Rf6e5] und alles wird gut.} 34. Qe3 fxe5) 34. b3 $1 $18 Nc3 {[%emt 0:01:03] [#]} (34... Rb7) 35. Rxc6+ $1 Kxc6 36. Rd6+ Qxd6 (36... Kc7 37. Qc5+ Kb7 38. Qc6+ Ka7 39. Qa6#) ({Vergiftet wäre} 36... Kb7 $2 37. Qb6+ Kc8 38. Qc5+ Qc7 39. Rc6 $18) 37. exd6 Ne4 $2 (37... f5 {ist eine bessere Chance.} 38. Qd4 Ne4) 38. Qxf7 Nxd6 39. Qxg6 a4 40. Qd3 ({Nicht} 40. Qxh6 axb3 41. g3 bxa2 (41... Rxa2 42. Kb1 $11) 42. Bg2+ Kc7 (42... Kc5 43. Qe3+ Kb4 44. Qd2+ Kb3 45. Qd3+ Ka4 46. Bc6+ Kb4 47. Qxd6+ $11) 43. Qg7+ Kd8 44. Qg5+ Ke8 45. Bc6+ Kf7 46. Qh5+ Kg7 47. Qg5+ Kf7 48. Qh5+ Kg7 49. Qg5+ Kf8 50. Qh6+ Kg8 (50... Kf7 51. Qh7+ Kf6 52. Qh6+ Kf5 53. Qh5+ Kf6 54. Qh6+ Kf5 55. Qh5+ Kf6 56. Qh6+ $11) 51. Qg6+ Kf8 52. Qh6+ Kg8 (52... Kf7 53. Qh7+ Kf6 54. Qh6+ Kf5 55. g4+ Ke5 56. Qg7+ Kf4 57. Qd4+ Kg5 58. Qg7+ Kf4 59. Qd4+ Kg5 60. Qg7+ Kf4 $11) 53. Qg6+ Kf8 54. Qh6+ $11) 40... axb3 41. axb3 Rxb3 42. Qxb3 {[%emt 0:00:18] Und Qf3+ würde nun gewinnen.} Ra1+ 43. Kd2 Rxf1 {[%emt 0:00:33][%mdl 4096] Endspiel. KQ-KRN} 44. Qa4+ Kc5 45. Qa7+ Kc6 46. c5 {[%emt 0:00:30] Weiss will mit Qb6+ Matt setzen.} Nc4+ 47. Kd3 Rf4 {[#]} 48. Kc3 (48. g3 $142 $1 Rg4 49. Qe7) 48... e5 $16 49. g3 Rd4 50. Qe7 ({Vorzuziehen ist} 50. g4 $16) 50... h5 $11 51. Qe8+ Kxc5 52. Qxh5 Re4 $1 53. g4 Re3+ 54. Kc2 {[%emt 0:00:00] Droht g5 und aus.} Re2+ 55. Kd1 Rg2 56. g5 {[%emt 0:00:18] g6 wäre nun fies.} Kd4 57. g6 {[%emt 0:00:30] Droht stark Qh7.} Nb2+ $1 58. Ke1 Nd3+ 59. Kf1 {[%emt 0:00:14] Weiss droht Qh4+ und Matt.} Nf4 60. Qd1+ Kc5 $1 61. Qc1+ Kd5 $1 {[%emt 0:01:38] Die Stellung ist ausgeglichen.} 62. Qxf4 exf4 63. Kxg2 {[%emt 0:00:05] Beabsichtigt g7 und Matt.} Ke6 64. Kf3 Kf6 65. Kxf4 Kxg6 {[%emt 0:00:00] Schwarz rettet sich ins Remis.   Gewichteter Fehlerwert: Weiß=0.40/Schwarz=0.30.  Gewinn verpasst:   	---       	Schwarz=1     Fehler:       	Weiß=5     	Schwarz=3     Ungenau:       	Weiß=4     	Schwarz=2     OK:         	Weiß=20    	Schwarz=25    Bester:       	Weiß=4     	Schwarz=9     Stark:        	Weiß=1     	Schwarz=6} 1/2-1/2

[Event "Charlotte Spring GM-A 2024"]
[Site "Charlotte"]
[Date "2024.03.29"]
[Round "4.1"]
[White "Wang, Tianqi"]
[Black "Levine, Joseph"]
[Result "0-1"]
[ECO "C00"]
[WhiteElo "2344"]
[BlackElo "2372"]
[Annotator "RC"]
[PlyCount "140"]
[EventDate "2024.03.27"]
[EventType "tourn"]
[EventCountry "USA"]
[SourceTitle "playchess.com"]
[Source "ChessBase"]
[SourceQuality "1"]
[TimeControl "5400+30"]

1. e4 e6 2. d3 d5 3. Nd2 Nf6 4. Ngf3 c5 5. g3 Nc6 6. Bg2 Be7 7. O-O b6 8. Re1 Bb7 9. exd5 Nxd5 10. Nb3 O-O 11. d4 cxd4 12. Nfxd4 Nxd4 13. Nxd4 Qc8 14. Qe2 Bf6 15. Rd1 Rd8 16. c3 Rd7 17. a3 h6 18. Nc2 Qc7 19. Qg4 Kf8 20. Be3 Rad8 21. Bd4 Qc4 22. Bf1 Qb3 23. Bd3 e5 24. Bf5 exd4 25. Nxd4 Bxd4 26. Bxd7 Bc5 27. Rd2 Nf6 28. Qf4 Be7 29. Qc7 Bd5 30. Bf5 g6 31. Re1 Re8 32. Bd3 Be6 33. Rde2 Bc5 34. Qc6 Qd5 35. Qxd5 Bxd5 36. Rxe8+ Nxe8 37. b4 Be7 38. c4 Be6 39. Rc1 Nc7 40. c5 bxc5 41. bxc5 Bd5 42. Bc4 Be4 43. a4 Bc6 44. Bb5 Bxb5 45. axb5 Nxb5 46. Rb1 a6 47. c6 Bd6 48. Ra1 Nc7 49. Rb1 Ke7 50. Re1+ Ne6 51. Rd1 Nc5 52. Rd5 Ne6 53. h4 h5 54. Kg2 Bc7 55. Kf3 a5 56. Rd7+ Kf6 57. Ke2 a4 58. Kd1 a3 59. Kc1 Bb6 60. f3 Bc7 61. g4 Bg3 62. gxh5 gxh5 63. Kb1 Bxh4 64. c7 Nxc7 65. Rxc7 Bg3 66. Ra7 h4 67. Rxa3 h3 68. Kc2 h2 69. Ra1 Bf2 70. Rh1 Bg1 0-1

[Event "Charlotte Spring GM-A 2024"]
[Site "Charlotte"]
[Date "2024.03.29"]
[Round "4.2"]
[White "Homa, Seth"]
[Black "Ali Marandi, Cemil Can"]
[Result "0-1"]
[ECO "A13"]
[WhiteElo "2234"]
[BlackElo "2516"]
[Annotator "TA"]
[PlyCount "70"]
[EventDate "2024.03.27"]
[EventType "tourn"]
[EventCountry "USA"]
[SourceTitle "playchess.com"]
[Source "ChessBase"]
[SourceQuality "1"]
[TimeControl "5400+30"]

1. c4 e6 2. g3 d5 3. Bg2 Nf6 4. Nf3 Bd6 5. d4 h6 6. O-O O-O 7. Qc2 b6 8. Nc3 {[%emt 0:00:35] The position is equal.} Bb7 9. cxd5 exd5 10. Bf4 Re8 (10... Bxf4 $11 11. gxf4 c5) 11. Rfd1 Nbd7 (11... Bxf4 $11 12. gxf4 c6) 12. Rac1 (12. Bxd6 $16 cxd6 13. Qb3) 12... a6 (12... Bxf4 $11 {is superior.} 13. gxf4 c5) 13. h4 (13. Bxd6 $14 cxd6 14. Qb3) 13... Rc8 (13... Bxf4 $11 14. gxf4 c5) 14. e3 Bxf4 15. gxf4 c5 16. Qf5 Rc7 17. dxc5 bxc5 18. Ne5 Nf8 19. Qh3 Ne6 (19... Bc8 $11 20. Qg3 Bb7) 20. b3 (20. Qh1 $1 $16) 20... Qa8 21. Ne2 Rd8 (21... d4 $14) 22. f5 (22. Bf3 $16) 22... Nf8 $11 23. Nf4 Re8 (23... Qc8 $11 {remains equal.}) 24. Ned3 (24. Ng4 $1 $16 N8h7 25. Qg3) 24... Qc8 25. b4 ({White should play} 25. Nb2 $11) 25... N8d7 $15 26. bxc5 Nxc5 27. Nb4 (27. Nxc5 $15 Rxc5 28. Rb1) 27... Nce4 $17 28. Ne2 {[%emt 0:03:08] [#]} (28. Rxc7 $17 {was necessary.} Qxc7 29. Qf3) 28... a5 $1 $19 29. Nd3 Ba6 {[%emt 0:01:35] ...Bxd3 would now be deadly.} 30. Ndf4 Rc2 {[%emt 0:01:42][%cal Od5d4] ...d4! is the strong threat.} 31. Bf1 (31. Bf3 $142) 31... Qc5 {[%emt 0:02:15][%cal Oe4f2] White must now prevent ...Nxf2!} 32. a4 $2 {[%emt 0:00:49] [#]} (32. Qf3) 32... Nxf2 $1 33. Kxf2 {[%emt 0:00:36] [#]} Rxe3 $3 34. Rxc2 (34. Qxe3 Ng4+) 34... Rxe2+ 35. Kf3 Qf2# {[%emt 0:00:12] Weighted Error Value: White=0.65/Black=0.32.  Mistake:       	White=10    	Black=7      Inaccurate:     	White=3     	Black=2      OK:         	White=6     	Black=6      Best:        	---       	Black=3      Brilliant:      	---       	Black=1} 0-1

[Event "Charlotte Spring GM-A 2024"]
[Site "Charlotte"]
[Date "2024.03.29"]
[Round "4.3"]
[White "Cordova, Emilio"]
[Black "Chen, Ryo"]
[Result "0-1"]
[ECO "D00"]
[WhiteElo "2551"]
[BlackElo "2316"]
[Annotator "TA"]
[PlyCount "72"]
[EventDate "2024.03.27"]
[EventType "tourn"]
[EventCountry "USA"]
[SourceTitle "playchess.com"]
[Source "ChessBase"]
[SourceQuality "1"]
[TimeControl "5400+30"]

1. d4 Nf6 2. Bg5 d5 3. Nd2 c5 4. dxc5 Na6 5. Bxf6 gxf6 6. e4 {[%emt 0:09:29] And now Bb5+ would win.} Nxc5 7. Bb5+ Bd7 8. Qe2 {[%emt 0:00:13] Black is slightly better.} dxe4 $1 9. Nxe4 Nxe4 10. Bxd7+ Qxd7 11. Qxe4 f5 12. Qe2 Rg8 $1 13. g3 {[%emt 0:00:09] [#]} (13. f4 $15) 13... Rg6 $1 $17 {[%emt 0:01:38] ...Re6 is the strong threat.} 14. Rd1 {[%emt 0:00:58] [#]} Qc6 15. Qf3 (15. Nf3 $2 Re6 16. Rd3 Rxe2+ $19) 15... Qxc2 16. Kf1 Qe4 {[%emt 0:04:47] Black is more active.} ({Much less strong is} 16... Qxb2 17. Qxf5 e6 (17... Qxa2 18. Qd7#) 18. Qe4 $15) 17. Rd5 Rb6 18. b3 e6 19. Rd2 a5 (19... Rd8 $19 20. Qxe4 fxe4) 20. Re2 Qxf3 21. Nxf3 a4 22. bxa4 Rxa4 {[%emt 0:00:35] Hoping for ...Rba6.} 23. Kg2 Rba6 24. Rc1 (24. Rc2 $17) 24... Rxa2 $19 25. Rxa2 Rxa2 {[%emt 0:00:02][%mdl 4096] Endgame. KRB-KRN} 26. Rc8+ Ke7 27. Nd4 Rb2 28. Kf1 Bg7 29. Nf3 Kd7 30. Rb8 Bf6 31. h4 h6 {[%emt 0:00:57] Prevents Ng5.} 32. Rf8 Ke7 33. Rb8 b5 34. Ne1 Bd4 {[%emt 0:00:51] Black is clearly winning.} 35. Nd3 Rd2 36. Nb4 Bxf2 {[%emt 0:36:34] Weighted Error Value: White=0.23 (precise) /Black=0.04 (flawless) .  Mistake:       	White=2     	Black=1      Inaccurate:     	White=2     	---        OK:         	White=5     	Black=15     Best:        	White=3     	Black=3      Strong:       	---       	Black=3} 0-1

[Event "Charlotte Spring GM-A 2024"]
[Site "Charlotte"]
[Date "2024.03.29"]
[Round "4.4"]
[White "Cruz, Cristhian"]
[Black "Putnam, Liam"]
[Result "1/2-1/2"]
[ECO "A28"]
[WhiteElo "2487"]
[BlackElo "2323"]
[Annotator "TA"]
[PlyCount "25"]
[EventDate "2024.03.27"]
[EventType "tourn"]
[EventCountry "USA"]
[SourceTitle "playchess.com"]
[Source "ChessBase"]
[SourceQuality "1"]
[TimeControl "5400+30"]

1. c4 Nf6 2. Nc3 e5 3. Nf3 Nc6 4. d3 d5 5. cxd5 Nxd5 6. e3 Be7 7. Be2 O-O 8. O-O Be6 9. Bd2 {[%emt 0:02:01] The position is equal.} Qd7 10. a3 a5 11. Rc1 Rfd8 12. Ne4 Nf6 13. Neg5 {[%emt 0:12:22] Not much happened in this game.   Weighted Error Value: White=0.04 (flawless) /Black=0.07 (flawless) .  OK:         	White=1     	---} 1/2-1/2

[Event "Charlotte Spring GM-A 2024"]
[Site "Charlotte"]
[Date "2024.03.29"]
[Round "4.5"]
[White "Gauri, Shankar"]
[Black "Tsay, Vincent"]
[Result "1/2-1/2"]
[ECO "E05"]
[WhiteElo "2345"]
[BlackElo "2337"]
[Annotator "RC"]
[PlyCount "34"]
[EventDate "2024.03.27"]
[EventType "tourn"]
[EventCountry "USA"]
[SourceTitle "playchess.com"]
[Source "ChessBase"]
[SourceQuality "1"]
[TimeControl "5400+30"]

1. d4 d5 2. c4 e6 3. Nf3 Nf6 4. g3 Be7 5. Bg2 O-O 6. O-O dxc4 7. Qc2 a6 8. a4 Bd7 9. Ne5 Nc6 10. Qxc4 Nxe5 11. dxe5 Nd5 12. Nc3 c6 13. Rd1 a5 14. Qg4 Qc7 15. Bg5 Bxg5 16. Qxg5 h6 17. Qh5 Be8 1/2-1/2

[Event "Charlotte Spring GM-A 2024"]
[Site "Charlotte"]
[Date "2024.03.30"]
[Round "5.1"]
[White "Tsay, Vincent"]
[Black "Wang, Tianqi"]
[Result "1/2-1/2"]
[ECO "D00"]
[WhiteElo "2337"]
[BlackElo "2344"]
[Annotator "RC"]
[PlyCount "82"]
[EventDate "2024.03.27"]
[EventType "tourn"]
[EventCountry "USA"]
[SourceTitle "playchess.com"]
[Source "ChessBase"]
[SourceQuality "1"]
[TimeControl "5400+30"]

1. d4 d5 2. Bf4 c5 3. e3 Nc6 4. c3 Qb6 5. Qb3 c4 6. Qc2 e5 7. Bxe5 Bf5 8. Qc1 Nxe5 9. dxe5 f6 10. e6 Bxe6 11. Nf3 f5 12. b3 Nf6 13. Nbd2 f4 14. Nd4 fxe3 15. fxe3 Bc5 16. Be2 O-O 17. O-O cxb3 18. axb3 Bd7 19. Bf3 Rae8 20. Re1 Kh8 21. Qc2 Qc7 22. Nf1 a6 23. c4 dxc4 24. Qxc4 Qb6 25. Rac1 Re5 26. Rcd1 Rfe8 27. h3 h5 28. Qd3 Rg5 29. h4 Rge5 30. Ng3 Bg4 31. Kf2 Nd5 32. Ne4 Bb4 33. Ng5 Bxe1+ 34. Rxe1 Rxg5 35. hxg5 Rf8 36. Kg1 Qd6 37. Bxd5 Qxd5 38. g6 Qd6 39. Rf1 Rf6 40. Rxf6 gxf6 41. Qe4 Qe5 1/2-1/2

[Event "Charlotte Spring GM-A 2024"]
[Site "Charlotte"]
[Date "2024.03.30"]
[Round "5.2"]
[White "Putnam, Liam"]
[Black "Gauri, Shankar"]
[Result "1/2-1/2"]
[ECO "E16"]
[WhiteElo "2323"]
[BlackElo "2345"]
[Annotator "RC"]
[PlyCount "58"]
[EventDate "2024.03.27"]
[EventType "tourn"]
[EventCountry "USA"]
[SourceTitle "playchess.com"]
[Source "ChessBase"]
[SourceQuality "1"]
[TimeControl "5400+30"]

1. d4 Nf6 2. c4 e6 3. g3 d5 4. Bg2 Bb4+ 5. Nd2 O-O 6. Ngf3 b6 7. O-O Bb7 8. Ne5 a5 9. Qc2 c5 10. cxd5 Bxd5 11. e4 Bb7 12. dxc5 Bxc5 13. Ndc4 Qe7 14. Bg5 h6 15. Bxf6 Qxf6 16. Rad1 Ra7 17. Nd3 Qe7 18. e5 Bxg2 19. Kxg2 Rc7 20. Qe2 Nc6 21. Qe4 b5 22. Nd2 Bb6 23. a4 Nd4 24. axb5 Rfc8 25. Rc1 Qd7 26. Rxc7 Rxc7 27. Rc1 Rxc1 28. Nxc1 Qxb5 29. Nd3 a4 1/2-1/2

[Event "Charlotte Spring GM-A 2024"]
[Site "Charlotte"]
[Date "2024.03.30"]
[Round "5.3"]
[White "Chen, Ryo"]
[Black "Cruz, Cristhian"]
[Result "1/2-1/2"]
[ECO "C07"]
[WhiteElo "2316"]
[BlackElo "2487"]
[Annotator "RC"]
[PlyCount "92"]
[EventDate "2024.03.27"]
[EventType "tourn"]
[EventCountry "USA"]
[SourceTitle "playchess.com"]
[Source "ChessBase"]
[SourceQuality "1"]
[TimeControl "5400+30"]

1. e4 e6 2. d4 d5 3. Nd2 c5 4. Ngf3 cxd4 5. Nxd4 Nf6 6. e5 Nfd7 7. N2f3 Nc6 8. Bf4 Be7 9. c3 Nc5 10. Bb5 Bd7 11. O-O O-O 12. Bd3 Qb6 13. Bg5 Nxd3 14. Nxc6 Bxc6 15. Bxe7 Nxb2 16. Qb1 h6 17. Bxf8 Rxf8 18. Nd4 Ba4 19. Qc1 Nc4 20. f4 Bd7 21. Qe1 Rc8 22. Rb1 Qa6 23. g4 Na3 24. Rc1 Bb5 25. Rf2 Bd3 26. Qe3 Be4 27. f5 Nb5 28. fxe6 fxe6 29. g5 hxg5 30. Qxg5 Nxd4 31. cxd4 Rxc1+ 32. Qxc1 Qd3 33. Qd2 Qh3 34. Qf4 Bf5 35. Rg2 Qd3 36. Qd2 Qb1+ 37. Kf2 b5 38. h4 Qe4 39. Rh2 b4 40. h5 Kh7 41. h6 g5 42. Qxg5 Qc2+ 43. Ke1 Qb1+ 44. Kf2 Qc2+ 45. Kf3 Qe4+ 46. Kf2 Qc2+ 1/2-1/2

[Event "Charlotte Spring GM-A 2024"]
[Site "Charlotte"]
[Date "2024.03.30"]
[Round "5.4"]
[White "Ali Marandi, Cemil Can"]
[Black "Cordova, Emilio"]
[Result "1/2-1/2"]
[ECO "C10"]
[WhiteElo "2516"]
[BlackElo "2551"]
[Annotator "TA"]
[PlyCount "28"]
[EventDate "2024.03.27"]
[EventType "tourn"]
[EventCountry "USA"]
[SourceTitle "playchess.com"]
[Source "ChessBase"]
[SourceQuality "1"]
[TimeControl "5400+30"]

1. e4 e6 2. d4 d5 3. Nc3 dxe4 4. Nxe4 Bd7 5. Nf3 Bc6 6. Neg5 (6. Bd3 $14) 6... Nd7 $11 7. Nxf7 Kxf7 8. Ng5+ Ke8 9. Nxe6 Qe7 10. Qe2 Kf7 11. Ng5+ Ke8 {[%emt 0:00:30] ...Qxe2+ would now be deadly.} 12. Ne6 Kf7 13. Ng5+ Ke8 {[%emt 0:00:30] next ...Qxe2+ is good for Black.} 14. Ne6 Kf7 {[%emt 0:00:30] Wards off d5.   Weighted Error Value: White=0.13 (very precise) /Black=0.14 (very precise) .  Inaccurate:     	White=1     	Black=1      OK:         	White=3     	Black=1      Best:        	White=3     	Black=3} 1/2-1/2

[Event "Charlotte Spring GM-A 2024"]
[Site "Charlotte"]
[Date "2024.03.30"]
[Round "5.5"]
[White "Levine, Joseph"]
[Black "Homa, Seth"]
[Result "1/2-1/2"]
[ECO "C55"]
[WhiteElo "2372"]
[BlackElo "2234"]
[Annotator "RC"]
[PlyCount "93"]
[EventDate "2024.03.27"]
[EventType "tourn"]
[EventCountry "USA"]
[SourceTitle "playchess.com"]
[Source "ChessBase"]
[SourceQuality "1"]
[TimeControl "5400+30"]

1. e4 e5 2. Nf3 Nc6 3. Bc4 Nf6 4. d3 h6 5. c3 d6 6. a4 g6 7. Nbd2 Bg7 8. O-O a5 9. d4 O-O 10. h3 exd4 11. cxd4 d5 12. exd5 Nxd5 13. Ne4 Nce7 14. Re1 b6 15. Ra3 Bb7 16. Ne5 Nf5 17. Ng3 Nxg3 18. Rxg3 Qd6 19. h4 h5 20. f4 Rae8 21. Qb3 Re6 22. Kh2 Rf6 23. Rf1 Ne7 24. Rd3 Bd5 25. Bxd5 Nxd5 26. f5 Ne7 27. Bg5 Rxf5 28. Bxe7 Bxe5+ 29. g3 Qxe7 30. Rxf5 gxf5 31. dxe5 Qxe5 32. Re3 Qf6 33. Qd1 Qxb2+ 34. Kh3 Qf6 35. Qxh5 Rd8 36. Rf3 Qg6 37. Qxf5 Qxf5+ 38. Rxf5 Rd4 39. Rg5+ Kh7 40. Rh5+ Kg6 41. Rg5+ Kf6 42. Rg8 Rxa4 43. h5 Ra1 44. Kg2 Ra2+ 45. Kh3 Ra1 46. Kg2 Ra2+ 47. Kh3 1/2-1/2

[Event "Charlotte Spring GM-A 2024"]
[Site "Charlotte"]
[Date "2024.03.30"]
[Round "6.2"]
[White "Cordova, Emilio"]
[Black "Levine, Joseph"]
[Result "1-0"]
[ECO "A17"]
[WhiteElo "2551"]
[BlackElo "2372"]
[Annotator "TA"]
[PlyCount "93"]
[EventDate "2024.03.27"]
[EventType "tourn"]
[EventCountry "USA"]
[SourceTitle "playchess.com"]
[Source "ChessBase"]
[SourceQuality "1"]
[TimeControl "5400+30"]

1. Nf3 d5 2. e3 Nf6 3. c4 e6 4. Nc3 dxc4 5. Bxc4 a6 6. a4 {[%emt 0:03:18] A17: English Opening: 1...Nf6 with ...Bb4.} b6 7. d4 Bb7 8. O-O Bb4 9. Qe2 O-O 10. Bd3 Nbd7 ({Black should try} 10... c5 $11) 11. e4 $14 c5 (11... Re8 $142) 12. Na2 $146 (12. e5 $16) ({Predecessor:} 12. e5 cxd4 13. exf6 dxc3 14. fxg7 Kxg7 15. bxc3 Bxc3 16. Ra3 Rc8 17. Rxc3 Rxc3 18. Bb2 {1-0 Vicoli,G (2000)-Sabbatini,G (2049) LSS No Engine Cup 212 Preliminary 0 2021}) 12... a5 13. Nxb4 axb4 14. e5 Nd5 15. Qe4 g6 16. Bg5 Qb8 17. Qh4 cxd4 18. Rfe1 h5 (18... Nc5 19. Qh6 (19. Qxd4 Nc7 $11) 19... f6 (19... Nxd3 20. Bf6 Nxf6 21. exf6) 20. exf6 Rxf6 21. Bxf6 Nxf6 22. Ne5 $18 (22. Bxg6 Qf8 $11)) (18... Rc8 $1 $14) 19. Bh6 $36 {[%emt 0:08:37][%mdl 2048] White is more active.} ({White should play} 19. Bb5 $16 Nc5 20. Nxd4 (20. Qxd4 Nb3 $17)) 19... Rc8 ({Better is} 19... Nc5 $1 $14 20. Bc4 (20. Qxd4 Nb3 $11) 20... Qd8) 20. Qg5 {[%emt 0:02:27] White has more active pieces.} (20. Nxd4 $6 Nxe5 21. Be2 Qc7 $14) (20. Qg3 $142 $1 {[%cal Od3g6] Black must now prevent Bxg6!} Nf8 21. Nxd4) 20... Nf8 $2 (20... Kh8 $16 {keeps fighting.}) 21. Bxf8 $1 $18 (21. Nxd4 Rc5 22. Qg3 Qd8 $16) 21... Kxf8 {[%emt 0:00:01][%cal Bg8f8,Bf8e8,Be8d7][%mdl 32] [#]} 22. Bxg6 $1 fxg6 23. Qh6+ $1 ({Less strong is} 23. Qxg6 Rc6 $16) (23. Nxd4 Kf7 $11) 23... Ke8 {[%emt 0:01:03] ...Ne7 is the strong threat.} 24. Qxg6+ Kd7 {[%emt 0:21:16] [#] Hoping for ...Rg8.} 25. Qf7+ $1 ({Worse is} 25. Qxh5 Rc4 26. b3 Rc3 27. Nxd4 Qg8 $17) ({And not} 25. Nxd4 Re8 $11) 25... Ne7 {[%emt 0:00:00][%cal Bd5e7,Be7f5,Bf5d4,Bd4c2][%mdl 32] Strongly threatening ...Rf8.} 26. Nxd4 Bd5 {[%emt 0:00:00] [#]} 27. Nxe6 $1 {[%emt 0:00:52][%cal Oa1d1][%mdl 512] aiming for Rad1!} Rf8 (27... Rc7 28. Red1) 28. Nxf8+ Qxf8 29. Qxh5 Qf5 30. Qxf5+ Nxf5 31. f3 Ke6 32. Kf2 Nd4 33. Rad1 Nc2 34. Re2 b3 35. f4 {[%emt 0:00:39][%cal Of4f5] f5+! would now be deadly.} Rf8 36. g3 Nb4 37. h4 Rc8 38. g4 Rc2 39. f5+ Ke7 40. Rd4 Be4 41. f6+ Ke6 42. Rxb4 Bd3 43. Rxb6+ Kd5 44. Rd6+ Kc4 45. Rxc2+ bxc2 46. Rc6+ Kb3 {[%emt 0:00:00] [#]} 47. Rxc2 $3 1-0

[Event "Charlotte Spring GM-A 2024"]
[Site "Charlotte"]
[Date "2024.03.30"]
[Round "6.3"]
[White "Cruz, Cristhian"]
[Black "Ali Marandi, Cemil Can"]
[Result "1/2-1/2"]
[ECO "D14"]
[WhiteElo "2487"]
[BlackElo "2516"]
[Annotator "TA"]
[PlyCount "52"]
[EventDate "2024.03.27"]
[EventType "tourn"]
[EventCountry "USA"]
[SourceTitle "playchess.com"]
[Source "ChessBase"]
[SourceQuality "1"]
[TimeControl "5400+30"]

1. d4 d5 2. c4 c6 3. Nf3 Nf6 4. cxd5 cxd5 5. Nc3 Nc6 6. Bf4 Bf5 7. e3 e6 8. Qb3 Bb4 9. Bb5 O-O 10. Bxc6 Bxc3+ 11. Qxc3 Rc8 {[%emt 0:01:31] [#]} 12. Ne5 $1 Ng4 (12... bxc6 13. Qa3) 13. Nxg4 Bxg4 {[%emt 0:00:27] [#]} 14. Qb4 $1 Rxc6 {[%emt 0:00:58] Black is weak on the dark squares} 15. Qxb7 Qc8 16. Qxc8 (16. Qxa7 $2 {is a self mate.} Rc1+ 17. Rxc1 Qxc1#) 16... Rfxc8 17. O-O a5 18. f3 Bf5 19. g4 Bg6 20. h4 h5 {[%emt 0:01:33] The position is equal.} 21. g5 a4 22. b3 axb3 23. axb3 Rb6 24. Ra3 Rc3 25. Kg2 Rbxb3 26. Rxb3 Rxb3 {[%emt 0:00:05] Weighted Error Value: White=0.03 (flawless) /Black=0.03 (flawless) .  OK:         	White=6     	Black=10     Best:        	White=1     	---} 1/2-1/2

[Event "Charlotte Spring GM-A 2024"]
[Site "Charlotte"]
[Date "2024.03.30"]
[Round "6.4"]
[White "Gauri, Shankar"]
[Black "Chen, Ryo"]
[Result "0-1"]
[ECO "A24"]
[WhiteElo "2345"]
[BlackElo "2316"]
[Annotator "RC"]
[PlyCount "126"]
[EventDate "2024.03.27"]
[EventType "tourn"]
[EventCountry "USA"]
[SourceTitle "playchess.com"]
[Source "ChessBase"]
[SourceQuality "1"]
[TimeControl "5400+30"]

1. Nf3 Nf6 2. c4 g6 3. g3 Bg7 4. Bg2 O-O 5. Nc3 d6 6. O-O e5 7. d3 c6 8. Rb1 a5 9. a3 Re8 10. e4 Bg4 11. h3 Bxf3 12. Qxf3 Nbd7 13. b4 axb4 14. axb4 Nf8 15. Qd1 Ne6 16. Be3 h5 17. Qd2 h4 18. Ra1 Nh5 19. Ne2 Qd7 20. Kh2 Rxa1 21. Rxa1 f5 22. exf5 gxf5 23. Bf3 Nf6 24. Rg1 d5 25. cxd5 cxd5 26. Bh6 Kh7 27. Bxg7 Qxg7 28. gxh4 Qc7 29. Kh1 e4 30. dxe4 dxe4 31. Qb2 Rf8 32. Bg2 Nh5 33. Qb3 Qe5 34. Ng3 Nhf4 35. Bf1 b5 36. h5 Ng5 37. Bg2 Nd3 38. Qa2 f4 39. Qa7+ Kh8 40. Nxe4 Nxe4 41. Bxe4 Qxe4+ 42. Kh2 Rg8 43. Rxg8+ Kxg8 44. Qb8+ Kh7 45. Qxb5 Ne5 46. Qa5 Nf3+ 47. Kg2 Nh4+ 48. Kf1 Qb1+ 49. Ke2 Qc2+ 50. Ke1 Qc1+ 51. Ke2 Qc4+ 52. Kd1 Qf1+ 53. Kc2 Qxf2+ 54. Kb3 Qf3+ 55. Kc4 Qe4+ 56. Kc3 Nf5 57. Qc7+ Kh6 58. Qf7 Ne7 59. Qc4 Nd5+ 60. Kb3 Qxc4+ 61. Kxc4 Nxb4 62. Kd4 Kxh5 63. Ke4 Nd5 0-1

[Event "Charlotte Spring GM-A 2024"]
[Site "Charlotte"]
[Date "2024.03.30"]
[Round "6.5"]
[White "Tsay, Vincent"]
[Black "Putnam, Liam"]
[Result "1/2-1/2"]
[ECO "E04"]
[WhiteElo "2337"]
[BlackElo "2323"]
[Annotator "RC"]
[PlyCount "107"]
[EventDate "2024.03.27"]
[EventType "tourn"]
[EventCountry "USA"]
[SourceTitle "playchess.com"]
[Source "ChessBase"]
[SourceQuality "1"]
[TimeControl "5400+30"]

1. d4 Nf6 2. Nf3 e6 3. c4 d5 4. g3 Bb4+ 5. Nbd2 dxc4 6. Bg2 b5 7. O-O O-O 8. a4 c6 9. Ne1 Nd5 10. e4 Nf6 11. Nc2 Be7 12. e5 Nd5 13. h4 Bb7 14. Ne4 Nd7 15. Qg4 Kh8 16. Bg5 f5 17. exf6 N7xf6 18. Bxf6 Nxf6 19. Nxf6 Rxf6 20. axb5 Qb6 21. bxc6 Bxc6 22. Bxc6 Qxc6 23. Ne3 Rg6 24. Qh3 Qe4 25. Qh1 Rxg3+ 26. fxg3 Qxe3+ 27. Kh2 Rb8 28. Rxa7 Bxh4 29. Qf3 Qxf3 30. Rxf3 Bf6 31. b3 cxb3 32. Rxb3 Rc8 33. Rc7 Rf8 34. Rd7 h6 35. Re3 Re8 36. d5 e5 37. d6 Re6 38. Re4 Kh7 39. Kg2 Kg6 40. Kf3 h5 41. Rc4 Kf5 42. Rc6 e4+ 43. Ke3 Re5 44. Rb7 Rd5 45. Ke2 Ke5 46. Re7+ Kf5 47. Rb7 Kg4 48. d7 Kxg3 49. Ke3 h4 50. Kxe4 Re5+ 51. Kd3 Rd5+ 52. Ke4 Re5+ 53. Kd3 Rd5+ 54. Kc4 1/2-1/2